 Dungeon Crawl Stone Soup version 0.20.1-1-g8b1a95d (webtiles) character file.

289 Jannitor the Ogre Mage (level 6, -2/62 HPs)
             Began as an Ogre Ice Elementalist on July 4, 2017.
             Killed by Freeze
             ... invoked by Jannitor's ghost
              (5 damage)
             ... on level 4 of the Dungeon.
             The game lasted 00:08:02 (3184 turns).

Jannitor the Ogre Mage (Ogre Ice Elementalist)      Turns: 3184, Time: 00:08:03

Health: -2/62      AC:  6    Str: 13      XL:     6   Next: 31%
Magic:  11/12      EV:  9    Int: 17 (18) God:
Gold:   66         SH:  0    Dex:  8 (9)  Spells: 13/14 levels left

rFire    . . .     SeeInvis .   f - +0 flail
rCold    . . .     Gourm    .   (no shield)
rNeg     . . .     Faith    .   a - +0 robe
rPois    .         Spirit   .   (helmet restricted)
rElec    .         Reflect  .   (no cloak)
rCorr    .         Harm     .   (gloves unavailable)
MR       .....                  (boots unavailable)
Stlth    ++........             (no amulet)
Regen    0.2/turn               i - +3 ring of protection (curse)
MPRegen  0.2/turn               (no ring)

@: lethally poisoned (-2 -> -3), heavily drained
A: unfitting armour, camouflage 1, sense surroundings 1, tough skin 1
a: no special abilities


You were on level 4 of the Dungeon.
You were not hungry.

You visited 1 branch of the dungeon, and saw 5 of its levels.

You collected 66 gold pieces.

Inventory:

Hand Weapons
 f - a +0 flail (weapon)
Armour
 a - a +0 robe (worn)
Jewellery
 i - a cursed +3 ring of protection (left hand)
Scrolls
 e - a scroll of remove curse
 k - 4 scrolls of identify
Potions
 m - a potion of cancellation {unknown}
 n - 2 potions of mutation
Books
 b - a book of Frost

   Spells                             Type                      Level
   a - Freeze                         Ice                          1
   b - Throw Frost                    Conjuration/Ice              2
   c - Ozocubu's Armour               Charms/Ice                   3
   d - Throw Icicle                   Conjuration/Ice              4
   e - Summon Ice Beast               Ice/Summoning                4
Comestibles
 c - 5 bread rations
 d - 3 royal jellies
 j - 4 fruits
 l - a meat ration


   Skills:
 + Level 4.2(2.4) Fighting
 - Level 1.7(0.1) Dodging
 - Level 1.4(0.0) Stealth
 + Level 4.6(2.8) Spellcasting
   Level 0.8(0.0) Conjurations
 + Level 4.2(2.4) Ice Magic


You had 13 spell levels left.
You knew the following spells:

 Your Spells              Type           Power        Failure   Level  Hunger
a - Freeze                Ice            ##..         6%          1    #......


Dungeon Overview and Level Annotations

Branches:
Dungeon (5/15)
 Temple: D:4-7

Altars:

Annotations:
D:3 BakaWarrior999's ghost, amateur DENe
D:4 Jannitor's ghost, amateur OgIE


Innate Abilities, Weirdness & Mutations

You are too large for most types of armour.
You have tough skin. (AC +1)
Your skin changes colour to match your surroundings (Stealth+).
You passively map a small area around you.


Message History

The jackal bites you.
* * * LOW HITPOINT WARNING * * *
You hit Jannitor's ghost.
Jannitor's ghost is lightly damaged.
The howler monkey hoots and howls with incredible vigour!
The jackal bites you but does no damage.
Jannitor's ghost hits you.
* * * LOW HITPOINT WARNING * * *
You feel drained.
* * * LOW HITPOINT WARNING * * *
The jackal barely misses you.
You hit Jannitor's ghost but do no damage.
Jannitor's ghost is lightly damaged.
Jannitor's ghost hits you.
* * * LOW HITPOINT WARNING * * *
You feel drained. The jackal bites you.
* * * LOW HITPOINT WARNING * * *
Jannitor's ghost points at you and mumbles some strange words.
You are frozen.
You die...

.# .( ...... ,
....... , ,
.......# .........
.....(....
########..........
#@Wr..........W...
#h#h####..........
#SShhs............
#hhO..............
#h..≈≈≈...........
#..≈≈≈≈≈..........
#..≈≈.≈≈..........
#..≈≈≈≈≈..........
#...≈≈≈.$..#######


You could see an ogre, a scorpion, a howler monkey, Jannitor's ghost, an adder,
5 jackals, a ball python and a rat.

Vanquished Creatures
  A bullfrog (D:4)
  2 hounds (D:4)
  An iguana (D:4)
  3 gnolls (D:2)
  2 adders (D:4)
  A shadow imp (D:4)
  2 worms (D:2)
  2 dart slugs
  2 leopard geckos (D:1)
  An orc (D:3)
  3 ball pythons
  8 bats
  A giant cockroach (D:2)
  10 goblins
  11 hobgoblins
  3 jackals (D:2)
  5 quokkas
  3 frilled lizards
  5 kobolds
  4 rats
70 creatures vanquished.

Notes
Turn   | Place    | Note
-------+----------+-------------------------------------------
     0 | D:1      | Jannitor the Ogre Ice Elementalist began the quest for the Orb.
     0 | D:1      | Reached XP level 1. HP: 16/16 MP: 3/3
    70 | D:1      | Reached skill level 1 in Fighting
    90 | D:1      | Reached XP level 2. HP: 19/27 MP: 0/5
   515 | D:1      | Reached XP level 3. HP: 33/33 MP: 2/7
  1222 | D:2      | Reached XP level 4. HP: 27/44 MP: 0/8
  2446 | D:3      | Noticed BakaWarrior999's ghost (amateur DENe)
  2476 | D:4      | Noticed a bullfrog
  2532 | D:4      | Reached XP level 5. HP: 13/53 MP: 4/10
  2541 | D:4      | Gained mutation: You passively map a small area around you. [potion of mutation]
  2541 | D:4      | Gained mutation: Your skin changes colour to match your surroundings (Stealth+). [potion of mutation]
  2682 | D:4      | Noticed a phantom
  2852 | D:4      | Noticed Jannitor's ghost (amateur OgIE)
  2910 | D:4      | Reached XP level 6. HP: 45/62 MP: 7/12
  2935 | D:4      | HP: 2/62 [howler monkey (5)]
  2951 | D:3      | You fall through a shaft for 2 floors!
  2951 | D:5      | Entered Level 5 of the Dungeon
  3163 | D:4      | Found a glowing drain.
  3184 | D:4      | HP: 3/62 [jackal (1)]
  3184 | D:4      | Killed from afar by Jannitor's ghost

Skill      XL: |  1  2  3  4  5 |
---------------+----------------+-----
Fighting       | 1 2 3 4 |  4.2
Ice Magic      | 3 4 |  4.2
Spellcasting   | 3 4 |  4.6
Dodging        | |  1.7
Stealth        | |  1.4
Conjurations   | |  0.8

Action                   |  1- 3 |  4- 6 || total
-------------------------+-------+-------++-------
Melee: Unarmed           |    47 |    51 ||    98
       Flail             |       |     7 ||     7
 Cast: Freeze            |    60 |    84 ||   144
  Use: Scroll            |       |     4 ||     4
       Potion            |       |     6 ||     6
  Eat: Chunk             |     1 |     6 ||     7
Armor: Robe              |    25 |    53 ||    78
Dodge: Dodged            |    62 |   101 ||   163
